 Dungeon Sprint DCSS version 0.20-a0-556-g892c87b (webtiles) character file.

54 dvd the Cudgeler (level 6, 0/71 HPs)
             Began as a Troll Berserker on Feb 4, 2017.
             Was a Priest of Trog.
             Slain by a blink frog (7 damage)
             ... in the Dungeon (Sprint VI: "Thunderdome").
             The game lasted 00:03:47 (280 turns).

dvd the Cudgeler (Troll Berserker)                   Turns: 280, Time: 00:03:48

Health: 0/71       AC:  1    Str: 35    XL:     6   Next: 39%
Magic:  0/14       EV: 13    Int:  3    God:    Trog [***...]
Gold:   100        SH:  0    Dex: 11    Spells: 5/5 levels left

rFire    . . .     SeeInvis .   a - +0 mace
rCold    . . .     Gourm    +   b - +0 animal skin
rNeg     . . .     Faith    .   (no shield)
rPois    +         Spirit   +   (helmet restricted)
rElec    .         Reflect  .   (no cloak)
rCorr    .         Harm     .   (gloves unavailable)
MR       ++...     NoTele   +   (boots unavailable)
Stlth    +.........             n - amulet of Buasuc {Spirit MP+9}
Regen    1.7/turn               q - ring "Viots" {+Fly rPois AC-4 Str+3} (curse)
                                o - ring "Jibyb" {*Slow Str+6 Slay+1}

@: regenerating
A: unfitting armour, claws 3, fast metabolism 3, gourmand, regeneration 1,
shaggy fur 1, tough skin 2
a: Berserk, Trog's Hand, Burn Spellbooks, Renounce Religion, Evoke Flight


You were in the Dungeon.
You worshipped Trog.
Trog was most pleased with you.
You were not hungry.

You visited 1 branch You collected 280 gold pieces.
You spent 180 gold pieces at shops.

Inventory:

Hand Weapons
 a - a +0 mace (weapon)
 r - a +2 dagger of protection
Armour
 b - a +0 animal skin (worn)
Jewellery
 n - the amulet of Buasuc (around neck) {Spirit MP+9}
   (You bought it in a shop in the Dungeon)

   [amulet of guardian spirit]

   It causes incoming damage to be split between your health and magic.
   It affects your magic capacity (+9).
 o - the ring "Jibyb" (left claw) {*Slow Str+6 Slay+1}
   (You bought it in a shop in the Dungeon)

   [ring of slaying]

   It affects your strength (+6).
   It affects your accuracy and damage with ranged weapons and melee attacks
   (+1).
   It may slow you when you take damage.
 p - the ring of the Five Nights {Fire *Corrode +Inv rN+++ Int+7}
   (You bought it in a shop in the Dungeon)

   [ring of fire]

   It enhances your fire magic.
   It affects your intelligence (+7).
   It protects you from fire.
   It makes you vulnerable to cold.
   It renders you almost immune to negative energy.
   It lets you turn invisible.
   It may corrode you when you take damage.
 q - the cursed ring "Viots" (right claw) {+Fly rPois AC-4 Str+3}
   (You bought it in a shop in the Dungeon)

   [ring of protection]

   It affects your AC (-4).
   It affects your strength (+3).
   It protects you from poison.
   It lets you fly.
   It has a curse placed upon it.
Wands
 j - a wand of acid (5/15)
 k - a wand of iceblast (5/15)
 s - a wand of polymorph (12/24)
Scrolls
 i - 4 scrolls of blinking
 l - 3 scrolls of fog
Potions
 d - a potion of curing
 e - 4 potions of heal wounds
 f - 4 potions of haste
 g - 2 potions of magic
 h - a potion of berserk rage
 m - a potion of resistance
Comestibles
 c - a bread ration


   Skills:
 + Level 7.0 Fighting
 + Level 7.8 Maces & Flails
 + Level 7.1 Dodging
 + Level 0.2 Unarmed Combat


You had 5 spell levels left.
You didn't know any spells.

Dungeon Overview and Level Annotations

Branches:
Dungeon (1/1)

Altars:
Cheibriados
Dithmenos
Fedhas
Gozag
Kikubaaqudgha
Makhleb
Okawaru
Qazlal
Ru
Sif Muna
Trog
Uskayaw
Vehumet
Xom
Yredelemnul
Zin
The Shining One
Beogh
Jiyva
Lugonu

Shops:
D *[%??*?*:[((!!!!


Innate Abilities, Weirdness & Mutations

You are too large for most types of armour.
You have claws for hands.
Your metabolism is lightning-fast.
You like to eat raw meat.
Your natural rate of healing is unusually fast.
You are covered in fur. (AC +1)
You have very tough skin. (AC +2)


Message History

You feel quite a bit more hungry.
You can no longer call in reinforcements.
The blink frog barely misses you. The blink frog hits you!
The spiny frog stings you!
* * * LOW HITPOINT WARNING * * *
Unknown command.
You barely miss the blink frog.
The blink frog is severely wounded.
Your black bear bites the spiny frog.
Your black bear closely misses the spiny frog.
Your black bear claws the spiny frog but does no damage.
The blink frog hits you. The spiny frog stings you!!
* * * LOW HITPOINT WARNING * * *
Your black bear bites the spiny frog.
Your black bear closely misses the spiny frog.
Your black bear barely misses the spiny frog.
Your black bear bites the spiny frog but does no damage.
Your black bear claws the spiny frog. x2
The blink frog blinks!
The blink frog hits you!
You die...

######.8.........8.#####
##∩___......###......__.∩
###∩........8.# #.8........
##.......[.....###..........
#⌠..........###...###.......
#⌠..........# #.<.# #.......
#⌠.........h###...###.......
##.......§.FF..###..........
###∩......@.8.# #.8†.......
##∩.__......###......_._∩
######.8........†8.#####
#⌠........[.)⌠#
###.......(.### #_.....((_#
#_....(.._# #.....†.._#
#∩.......∩#


You could see a spiny frog, a blink frog and a friendly black bear (berserk).

Vanquished Creatures
  Sigmund (D)
  2 big kobolds (D)
  A scorpion (D)
  Ijyb (D)
  An adder skeleton (D)
  A bat (D)
  4 kobolds (D)
11 creatures vanquished.

Notes
Turn   | Place    | Note
-------+----------+-------------------------------------------
     0 | D        | dvd the Troll Berserker began the quest for the Orb.
     0 | D        | Reached XP level 1. HP: 22/22 MP: 0/0
     2 | D        | Found a corrupted altar of Lugonu.
     2 | D        | Found a sacrificial altar of Ru.
     3 | D        | Found an opulent altar of Gozag.
     3 | D        | Found a snail-covered altar of Cheibriados.
     4 | D        | Found a blossoming altar of Fedhas.
     5 | D        | Found Jireigin's Bee Food.
     5 | D        | Found a glowing golden altar of the Shining One.
     5 | D        | Found a viscous altar of Jiyva.
     5 | D        | Found Zemopawn's Identification Station.
     5 | D        | Round 1.
     6 | D        | Found Wumubayn's Jewellery.
     6 | D        | Found Laututzo's Advanced Armour.
    18 | D        | Bought a scorched ivory amulet for 45 gold pieces
    18 | D        | Bought a pitted silver ring for 45 gold pieces
    18 | D        | Bought a twitching amber ring for 45 gold pieces
    18 | D        | Identified the amulet of Buasuc {Spirit MP+9} (You bought it in a shop in the Dungeon)
    19 | D        | Identified the ring "Jibyb" {*Slow Str+6 Slay+1} (You bought it in a shop in the Dungeon)
    20 | D        | Identified the ring of the Five Nights {Fire *Corrode +Inv rN+++ Int+7} (You bought it in a shop in the Dungeon)
    22 | D        | Bought a translucent granite ring for 45 gold pieces
    22 | D        | Identified the cursed ring "Viots" {+Fly rPois AC-4 Str+3} (You bought it in a shop in the Dungeon)
    28 | D        | Found a burning altar of Makhleb.
    29 | D        | Found a shadowy altar of Dithmenos.
    32 | D        | Found Vysup's Premium Goods.
    33 | D        | Found a shimmering altar of Xom.
    33 | D        | Found a bloodstained altar of Trog.
    33 | D        | Found a roughly hewn altar of Beogh.
    33 | D        | Found Luko's Weapon Rack.
    33 | D        | Found Ufustuxe's Miscellaneous Merchandise.
    33 | D        | Found Wunanij's Basic Armour.
    37 | D        | Found a radiant altar of Vehumet.
    39 | D        | Found an ancient bone altar of Kikubaaqudgha.
    40 | D        | Found Mutrier's Do-It-Yourself Clinic.
    40 | D        | Found a deep blue altar of Sif Muna.
    40 | D        | Found a hide-covered altar of Uskayaw.
    40 | D        | Found Fynn's Distillery.
    41 | D        | Found Hyabudd's Bottled Wisdom.
    41 | D        | Found Qikikk's Distillery.
    44 | D        | Found an iron altar of Okawaru.
    45 | D        | Found a glowing silver altar of Zin.
    46 | D        | Found a stormy altar of Qazlal.
    47 | D        | Found Erruf's Staff Store.
    48 | D        | Found a basalt altar of Yredelemnul.
    48 | D        | Found Huchac's Magic Scroll Shop.
    48 | D        | Found Vonolon's Must-Have Magic.
    48 | D        | Found Qonli's Magic Scroll Shop.
    57 | D        | Noticed Sigmund
    68 | D        | Killed Sigmund
    68 | D        | Reached ** piety under Trog
    68 | D        | Reached skill level 5 in Fighting
    68 | D        | Reached skill level 5 in Maces & Flails
    68 | D        | Reached skill level 5 in Dodging
    68 | D        | Reached XP level 2. HP: 29/35 MP: 1/1
    68 | D        | Reached XP level 3. HP: 35/42 MP: 2/2
    68 | D        | Reached XP level 4. HP: 42/50 MP: 3/3
    68 | D        | Reached XP level 5. HP: 47/57 MP: 3/4
   104 | D        | Arena points: 12 (+12) [x2]
   154 | D        | Round 2.
   174 | D        | Noticed Ijyb
   180 | D        | Reached *** piety under Trog
   180 | D        | Reached XP level 6. HP: 58/68 MP: 5/5
   185 | D        | Killed Ijyb
   224 | D        | Reached **** piety under Trog
   224 | D        | Arena points: 54 (+42) [x3]
   250 | D        | Round 3.
   261 | D        | Noticed a blink frog
   271 | D        | Noticed a spiny frog
   278 | D        | HP: 3/71 [spiny frog (17)]
   280 | D        | Slain by a blink frog

Vault maps used:
D:        arena_sprint

Skill      XL: |  1  2  3  4  5  6 |
---------------+-------------------+-----
Fighting       | 5 6 7 |  7.0
Maces & Flails | 5 7 |  7.8
Dodging        | 5 6 7 |  7.1
Unarmed Combat | |  0.2

Action                   |  1- 3 |  4- 6 || total
-------------------------+-------+-------++-------
Melee: Mace              |     7 |    56 ||    63
       Unarmed           |     2 |     1 ||     3
Invok: Berserk           |     1 |     1 ||     2
       Trog's Hand       |       |     2 ||     2
       Brothers in Arms  |       |     1 ||     1
  Eat: Chunk             |       |     1 ||     1
       Bread ration      |       |     1 ||     1
Armor: Animal skin       |     2 |     2 ||     4
Dodge: Dodged            |       |    40 ||    40
